 Dungeon Crawl Stone Soup version 0.29.0-4-gdea44cf6ec (webtiles) character file.

Game seed: 4842650995442547029

97 qw the Chopper (level 4, -1/24 (26) HPs)
             Began as a Tengu Warper on Aug 28, 2022.
             Slain by a wight
             ... wielding a +0 long sword
              (5 damage)
             ... on level 3 of the Dungeon.
             The game lasted 00:00:18 (3134 turns).

qw the Chopper (Tengu Warper)                       Turns: 3134, Time: 00:00:19

HP:   -1/24 (26)    AC:  5    Str: 14    XL:     4   Next: 68%
MP:   8/8           EV: 11    Int: 13    God:
Gold: 154           SH:  0    Dex: 13    Spells: 7/7 levels left

rFire   . . .      SeeInvis .   Y - +0 hand axe
rCold   . . .      Faith    .   (no shield)
rNeg    . . .      Spirit   .   o - +0 ring mail
rPois   .          Reflect  .   (helmet restricted)
rElec   .          Harm     .   (no cloak)
rCorr   .          Rampage  .   (no gloves)
Will    .....                   (boots unavailable)
Stlth   +.........              (no amulet)
HPRegen 0.08/turn               (no ring)
MPRegen 0.11/turn               (no ring)

@: drained
A: beak, talons 3
a: no special abilities


You were on level 3 of the Dungeon.
You visited 1 branch of the dungeon, and saw 3 of its levels.

You collected 154 gold pieces.


Innate Abilities, Weirdness & Mutations

You have a beak for a mouth.
You have claws for feet.


   Skills:
 - Level 2.0 Fighting
 + Level 5.2 Axes
 - Level 1.0 Throwing
 - Level 1.1 Armour
 - Level 2.1 Dodging
 - Level 2.0 Spellcasting
 - Level 2.4 Translocations


You had 7 spell levels left.
You didn't know any spells.
Your spell library contained the following spells:

 Spells                   Type           Power      Damage    Failure   Level
 Blink                    Tloc           14%        N/A       30%         2
 Gell's Gravitas          Tloc           7%         N/A       52%         3
 Lesser Beckoning         Tloc           7%         N/A       52%         3
 Teleport Other           Tloc           7%         N/A       52%         3
 Manifold Assault         Tloc           7%         N/A       99%         5

Inventory:

Hand Weapons
 l - the +12 mace "Ruuwkov" {pain, rF- Int+2 Dex+4 Stlth+}
   (You found it on level 2 of the Dungeon)

   In the hands of one skilled in necromantic magic, it inflicts extra damage on
   living creatures.
   Int:       It affects your intelligence (+2).
   Dex:       It affects your dexterity (+4).
   rF:        It makes you vulnerable to fire.
   Stlth:     It makes you more stealthy.
 m - a +2 flail of draining
 Y - a +0 hand axe (weapon)
Armour
 c - a +0 scale mail
 o - a +0 ring mail (worn)
Scrolls
 a - a scroll of teleportation {unknown}
 b - a scroll of summoning {unknown}
 e - a scroll of identify
 k - a scroll of enchant armour
Potions
 d - a potion of berserk rage {unknown}
 f - a potion of ambrosia {unknown}
 g - a potion of curing
 i - a potion of attraction {unknown}
 j - a potion of might {unknown}
 n - 2 potions of heal wounds {unknown}

Dungeon Overview and Level Annotations

Branches:
Dungeon (3/15)

Altars:


Message History

The orc barely misses you.
You hit the orc but do no damage. You claw the orc.
You kill the orc!
You start resting.
HP restored.
b - a +0 flail;
c - a +0 scale mail;
m - a +2 flail of draining
Items here: %%% ))).
3077 ||| DROPPING +0 flail.
You drop a +0 flail.
3078 ||| DROPPING +0 whip of venom.
You drop a +0 whip of venom.
b - a scroll labelled WAMPEV FIWK
Found a stone staircase leading up.
Enter note:
Enter note:
Found a scroll of torment.
A ball python comes into view.
The ball python hisses angrily.
A wight comes into view. It is wielding a +0 long sword.
You hit the ball python but do no damage.
The ball python bites you but does no damage.
The ball python grabs you. The ball python constricts you.
The ball python barely misses you. The ball python constricts you.
You closely miss the ball python.
The ball python bites you but does no damage.
The ball python constricts you.
You hit the ball python.
You kill the ball python!
You hit the wight. Your kick misses the wight. You peck the wight.
The wight is moderately damaged.
A wight comes into view. It is wielding a +1 halberd.
The wight hits you with a +0 long sword. x2
You feel drained.
You hit the wight. Your kick misses the wight.
The wight is heavily damaged.
The wight hits you with a +0 long sword!
A wight comes into view. It is wielding a +2 flail.
You barely miss the wight. Your kick misses the wight.
Your peck misses the wight.
The wight is heavily damaged.
The wight hits you with a +0 long sword.
You die...

..?#########
...z..z@...#
.z.#######.#######
#.......#
#######.# #.#
##.## #...# #.#.#
#...#


You could see 3 wights.

Vanquished Creatures
  3 adders
  3 dart slugs
  8 orcs (D:3)
  3 endoplasms
  A giant cockroach (D:2)
  5 goblins
  A hobgoblin (D:1)
  2 jackals (D:1)
  6 ball pythons
  6 bats
  4 frilled lizards
  10 kobolds
  5 rats
57 creatures vanquished.

Vanquished Creatures (others)
  2 fungi (D:2)
2 creatures vanquished.

Grand Total: 59 creatures vanquished

Notes
Turn   | Place    | Note
-------+----------+-------------------------------------------
     0 | D:1      | qw the Tengu Warper began the quest for the Orb.
     0 | D:1      | Reached XP level 1. HP: 12/12 MP: 4/4
     0 | D:1      | 0 ||| qw: Version: 0.1-a-89-g26bdef1
     0 | D:1      | 0 ||| qw: Game counter: 2531
     0 | D:1      | 0 ||| qw: Always use a shield: true
     0 | D:1      | 0 ||| qw: God list: Okawaru
     0 | D:1      | 0 ||| qw: Allow faded altars: false
     0 | D:1      | 0 ||| qw: Do Orc after D:15 true
     0 | D:1      | 0 ||| qw: Do second Lair branch before Depths: true
     0 | D:1      | 0 ||| qw: Lair rune preference: random
     0 | D:1      | 0 ||| qw: Plans: Normal
     0 | D:1      | 0 ||| PLANNING D:1-11
   134 | D:1      | Reached skill level 3 in Axes
   134 | D:1      | Reached XP level 2. HP: 17/17 MP: 6/6
   210 | D:1      | 210 ||| Stepping ~*~*~tactically~*~*~ (stealth).
   269 | D:1      | 269 ||| Stepping ~*~*~tactically~*~*~ (stealth).
   272 | D:1      | 272 ||| Stepping ~*~*~tactically~*~*~ (stealth).
   280 | D:1      | 280 ||| DROPPING +0 mace.
   557 | D:1      | Reached XP level 3. HP: 11/21 MP: 7/7
   977 | D:1      | 977 ||| READING scroll labelled PIAKAM QOJAOM.
   978 | D:1      | 978 ||| READING 2 scrolls labelled KIETINOLOO.
   979 | D:1      | 979 ||| READING scroll labelled QEUBOTH KEOG.
   980 | D:1      | 980 ||| DROPPING scroll of blinking.
   997 | D:2      | 997 ||| Stepping ~*~*~tactically~*~*~ (stealth).
  1003 | D:2      | Reached skill level 4 in Axes
  1028 | D:2      | 1028 ||| Stepping ~*~*~tactically~*~*~ (stealth).
  1048 | D:2      | HP: 5/21 [poisoned by an adder]
  1097 | D:2      | 1097 ||| Stepping ~*~*~tactically~*~*~ (stealth).
  1099 | D:2      | 1099 ||| Stepping ~*~*~tactically~*~*~ (stealth).
  1100 | D:2      | 1100 ||| Stepping ~*~*~tactically~*~*~ (stealth).
  1149 | D:2      | 1149 ||| Stepping ~*~*~tactically~*~*~ (stealth).
  1231 | D:2      | 1231 ||| Stepping ~*~*~tactically~*~*~ (stealth).
  1240 | D:2      | 1240 ||| Stepping ~*~*~tactically~*~*~ (stealth).
  1244 | D:2      | 1244 ||| Stepping ~*~*~tactically~*~*~ (stealth).
  1465 | D:2      | Identified the +12 mace "Ruuwkov" {pain, rF- Int+2 Dex+4
                  | Stlth+}
  1475 | D:2      | Found a faded altar of an unknown god.
  1597 | D:2      | Reached XP level 4. HP: 26/26 MP: 8/8
  1800 | D:2      | 1800 ||| UPGRADING to +0 ring mail.
  1810 | D:2      | 1810 ||| DROPPING +0 leather armour.
  1811 | D:2      | 1811 ||| DROPPING amulet of faith.
  1812 | D:2      | 1812 ||| READING scroll labelled CICADA TYEBBAT.
  1953 | D:2      | 1953 ||| READING 2 scrolls labelled VOITHE NEYLEL.
  1954 | D:2      | 1954 ||| DRINKING 2 clear potions.
  1955 | D:2      | 1955 ||| DROPPING scroll of poison.
  1956 | D:2      | 1956 ||| Stepping randomly (stuck).
  1957 | D:2      | 1957 ||| Stepping ~*~*~tactically~*~*~ (cloud).
  1962 | D:2      | HP: 6/26 [poisoned by you (poison gas)]
  2286 | D:3      | 2286 ||| Stepping ~*~*~tactically~*~*~ (hiding).
  2433 | D:3      | 2433 ||| Stepping ~*~*~tactically~*~*~ (stealth).
  2531 | D:3      | 2531 ||| Stepping ~*~*~tactically~*~*~ (hiding).
  2532 | D:3      | 2532 ||| Stepping ~*~*~tactically~*~*~ (hiding).
  2587 | D:3      | 2587 ||| Stepping ~*~*~tactically~*~*~ (stealth).
  2604 | D:3      | Reached skill level 5 in Axes
  3077 | D:3      | 3077 ||| DROPPING +0 flail.
  3078 | D:3      | 3078 ||| DROPPING +0 whip of venom.
  3133 | D:3      | HP: 4/24 [wight/+0 long sword (8)]
  3134 | D:3      | Slain by a wight

Levels and vault maps discovered:
D:1:      lemuel_arrival_river_bridge, layout_basic, minmay_stone_trees_small
D:2:      layout_rooms, shapermc_ecumenical_altar_mp_urbaneastern
D:3:      layout_loops_ring

Skill      XL: |  1  2  3  4 |
---------------+-------------+-----
Axes           | 3 4 5 |  5.2
Fighting       | |  2.0
Throwing       | |  1.0
Armour         | |  1.1
Dodging        | |  2.1
Spellcasting   | |  2.0
Translocations | |  2.4

Action                   |  1- 3 |  4- 6 || total
-------------------------+-------+-------++-------
Melee: Hand axe          |    75 |    59 ||   134
       Peck              |    10 |    11 ||    21
       Kick              |    12 |    18 ||    30
Throw: Boomerang         |     7 |     1 ||     8
  Use: Scroll            |     3 |     2 ||     5
       Potion            |       |     1 ||     1
Armor: Leather armour    |    15 |       ||    15
       Ring mail         |       |    15 ||    15
Dodge: Dodged            |    40 |    33 ||    73

Table legend:
 A = Non-vault XP
 B = Vault XP
 C = Vault XP percentage of total XP
 D = Non-vault monster count
 E = Vault monster count
 F = Vault count percentage of total count
                 A         B        C        D         E       F
            +---------+---------+-------+---------+---------+-------
      Total |     139 |       0 |   0.0 |      57 |       0 |   0.0
            +---------+---------+-------+---------+---------+-------
        D:1 |      44 |       0 |   0.0 |      26 |       0 |   0.0
        D:2 |      42 |       0 |   0.0 |      13 |       0 |   0.0
        D:3 |      53 |       0 |   0.0 |      18 |       0 |   0.0
            +---------+---------+-------+---------+---------+-------
